Map: Whispers of Gold

Players

LiquidClem (Clem) - Winner!

  • Race: Terran Terran
  • League: Grandmaster
  • Spawn Location: 9:00

Mixu

  • Race: Zerg Zerg
  • League: Grandmaster
  • Spawn Location: 5:00

Event: HomeStory Cup XXVI

VOD

Have the link to the VOD?

Description

Time

  • Played on: Nov. 30, 2024, 7:27 a.m.
  • Length: 9:42

All games in this series

Show
View Real Time Build Order
Export as new Build Order

LiquidClem Terran - Winner!

Build Orders: Reaper Expand, Hellion Banshee 

Get SALT Encoding   

  12  0:00  SCV  
  13  0:12  SCV  
  14  0:17  Supply Depot  
  14  0:24  SCV  
  15  0:39  SCV  
  15  0:40  Barracks  
  16  0:44  Refinery  
  16  0:51  SCV  
  17  1:03  SCV  
  18  1:15  SCV  
  19  1:27  Orbital Command, Reaper  
  20  1:41  Command Center  
  20  1:51  Supply Depot  
  20  1:53  SCV  
  21  1:59  Marine  
  22  2:05  SCV  
  23  2:15  Factory  
  23  2:18  SCV  
  23  2:21  Barracks Reactor  
  24  2:30  SCV  
  25  2:42  Command Center  
  25  2:43  SCV  
  26  2:56  Orbital Command  
  26  2:59  SCV  
  27  3:06  Starport  
  27  3:11  SCV  
  28  3:13  Refinery  
  28  3:17  Hellion  
  30  3:20  Hellion  
  30  3:23  SCV  
  30  3:25  SCV  
  34  3:27  Barracks Tech Lab  
  34  3:35  SCV  
  34  3:37  SCV  
  34  3:39  Hellion  
  38  3:41  Hellion  
  38  3:47  SCV  
  41  3:53  SCV, Banshee  
  41  3:54  Marine  
  46  3:57  Orbital Command  
  46  3:59  SCV  
  47  4:05  SCV  
  48  4:11  SCV  
  48  4:13  Cloaking Field  
  50  4:17  SCV, Hellion  
  50  4:18  Hellion  
  50  4:21  Supply Depot  
  50  4:23  SCV  
  50  4:24  Barracks Tech Lab, SCV  
  55  4:29  SCV  
  56  4:33  Armory  
  56  4:35  SCV  
  56  4:36  SCV  
  56  4:37  Banshee  
  61  4:44  Supply Depot, SCV  
  62  4:47  Barracks  
  62  4:48  SCV  
  62  4:52  Barracks  
  63  4:54  Marine  
  63  4:55  SCV, Barracks  
  63  4:59  SCV  
  66  5:00  Factory Reactor, Bunker  
  66  5:04  Refinery  
  67  5:07  Supply Depot, SCV  
  67  5:08  SCV  
  67  5:12  Marine  
  68  5:16  SCV  
  68  5:18  Hellion  
  68  5:19  SCV  
  70  5:29  Marine  
  70  5:30  Banshee  
  70  5:31  SCV  
  70  5:35  SCV  
  71  5:38  Supply Depot  
  71  5:41  SCV  
  72  5:43  SCV  
  72  5:44  Marine x2  
  72  5:46  Combat Shield  
  72  5:47  Marine  
  72  5:48  SCV  
  77  5:53  Hellion  
  77  5:59  SCV  
  77  6:01  SCV  
  77  6:02  Marine x2  
  74  6:05  SCV, Marine  
  65  6:11  SCV  
  65  6:12  Barracks  
  65  6:13  SCV  
  65  6:16  Hellion  
  65  6:17  SCV  
  65  6:19  Marine x2  
  65  6:23  SCV, Marine  
  65  6:25  SCV  
  70  6:30  Supply Depot x2  
  70  6:33  SCV  
  70  6:35  SCV  
  70  6:37  SCV, Marine  
  74  6:43  Starport Reactor  
  74  6:45  Supply Depot, SCV, Engineering Bay x2  
  75  6:48  SCV  
  75  6:49  SCV  
  75  6:51  Marine  
  75  6:52  Marine, Refinery  
  79  6:55  Marine  
  79  6:57  SCV  
  79  7:00  Marine  
  79  7:01  SCV  
  77  7:02  SCV  
  75  7:09  SCV, Marine  
  75  7:10  Marine  
  75  7:12  Terran Infantry Weapons Level 1  
  75  7:13  SCV, Marine  
  80  7:18  SCV, Marine  
  80  7:20  Supply Depot  
  80  7:21  SCV  
  83  7:24  Refinery  
  83  7:26  Stimpack  
  83  7:27  Marine  
  83  7:28  SCV, Marine  
  86  7:31  Marine  
  86  7:35  SCV x2  
  89  7:37  Barracks  
  89  7:40  SCV, Terran Infantry Armor Level 1  
  90  7:44  Supply Depot  
  90  7:45  Barracks Reactor  
  90  7:46  Marine  
  90  7:47  SCV x2  
  93  7:51  Marine  
  93  7:53  SCV  
  93  7:56  Siege Tank  
  93  7:57  Marine  
  99  7:59  SCV x2  
  99  8:04  Marine  
  99  8:08  Supply Depot, SCV  
  99  8:09  Marine  
  99  8:11  SCV x2  
  102  8:15  Marine  
  102  8:18  Medivac  
  105  8:23  Medivac  
  105  8:25  Marine x3  
  105  8:26  Supply Depot  
  110  8:27  Marine  
  110  8:28  Barracks Reactor  
  110  8:30  Orbital Command  
  110  8:31  Barracks  
  111  8:35  SCV x2  
  113  8:42  Siege Tank  
  113  8:43  Supply Depot  
  113  8:46  Marine  
  113  8:47  SCV x2  
  113  8:48  Marine  
  120  8:49  Marine  
  120  8:50  Marine  
  120  8:51  Marine  
  118  8:56  SCV  
  118  8:59  SCV  
  104  9:04  Marine  
  104  9:05  Marine  
  104  9:06  SCV  
  104  9:08  Marine  
  101  9:12  Marine  
  100  9:18  SCV  
  100  9:19  SCV  
  100  9:20  SCV  
  100  9:24  Marine  
Show
View Real Time Build Order
Export as new Build Order

Mixu Zerg 

Build Orders: Hatch First 

Get SALT Encoding   

  12  0:00  Drone  
  13  0:12  Overlord  
  13  0:17  Drone  
  14  0:30  Drone x2  
  16  0:47  Hatchery  
  15  0:51  Drone  
  15  0:55  Drone  
  17  0:57  Extractor  
  17  1:00  Drone  
  17  1:07  Drone  
  18  1:18  Spawning Pool  
  17  1:23  Drone  
  18  1:28  Drone  
  19  1:41  Drone  
  20  1:51  Overlord  
  20  2:04  Queen x2  
  20  2:05  Zergling x2  
  20  2:06  Zergling x2  
  26  2:10  Drone  
  27  2:16  Metabolic Boost  
  27  2:19  Drone  
  28  2:23  Drone  
  28  2:26  Drone  
  29  2:37  Drone  
  29  2:40  Drone  
  29  2:43  Lair  
  30  2:46  Drone  
  31  2:56  Queen  
  31  2:57  Drone  
  33  3:01  Overlord  
  33  3:03  Drone  
  34  3:07  Drone  
  35  3:16  Overlord  
  35  3:22  Drone x4  
  39  3:27  Zergling x4  
  39  3:33  Pneumatized Carapace  
  41  3:36  Zergling x4  
  43  3:47  Overlord  
  43  3:49  Hatchery  
  43  3:51  Zergling x4  
  44  3:58  Queen  
  46  4:03  Zergling x4  
  46  4:07  Zergling x4  
  48  4:11  Zergling x4  
  49  4:17  Zergling x8  
  49  4:23  Zergling x6  
  56  4:26  Zergling x2  
  57  4:35  Zergling x4  
  57  4:36  Queen  
  59  4:40  Overlord  
  59  4:49  Zergling x4  
  59  4:56  Overlord  
  59  4:59  Zergling x10  
  64  5:07  Zergling x4  
  64  5:09  Overseer  
  63  5:15  Zergling x12  
  63  5:19  Zergling x6  
  65  5:27  Zergling x6  
  63  5:36  Queen  
  63  5:39  Drone x3  
  63  5:41  Evolution Chamber  
  67  5:44  Drone  
  67  5:48  Zergling x8  
  70  5:58  Zergling x8  
  71  6:08  Zergling x2  
  71  6:10  Queen  
  67  6:14  Zergling x8  
  67  6:15  Queen  
  63  6:19  Zergling x2  
  63  6:23  Zerg Melee Weapons Level 1  
  64  6:26  Drone x5  
  67  6:33  Queen  
  67  6:37  Overlord  
  67  6:38  Zergling x4  
  71  6:43  Zergling x6  
  74  6:53  Overlord x2  
  72  7:07  Zergling x20  
  73  7:09  Queen  
  72  7:16  Zergling x2  
  72  7:20  Zergling x10  
  76  7:27  Queen  
  76  7:29  Zergling x6  
  81  7:42  Zergling x12  
  87  7:46  Drone x3, Baneling Nest  
  87  7:47  Evolution Chamber  
  85  7:53  Drone x4  
  70  8:10  Drone x5  
  69  8:15  Queen  
  69  8:17  Drone x2  
  69  8:18  Drone  
  74  8:23  Drone x3  
  69  8:28  Drone  
  69  8:30  Centrifugal Hooks  
  70  8:41  Drone x3  
  70  8:42  Queen, Zergling x4  
  70  8:45  Baneling x4  
  70  8:47  Zergling x6  
  80  8:53  Zergling x6  
  83  9:00  Zergling x2  
  81  9:06  Overlord x2  
  81  9:10  Extractor x2  
  82  9:21  Zergling x6  
  82  9:23  Overlord  
Tags
 
Add a new tag
Caveats
  • Supply blocks, unpowered buildings, or Contaminate may cause inaccurate times.
  • Supply counts are checked every 10 seconds.